 Dungeon Crawl Stone Soup version 0.29.0-4-gdea44cf6ec (webtiles) character file.

Game seed: 12642117876353250645

32 qw the Sneak (level 3, 0/23 HPs)
             Began as a Gargoyle Delver on Sept 10, 2022.
             Slain by an orc
             ... wielding a +0 hand axe
              (6 damage)
             ... on level 5 of the Dungeon.
             The game lasted 00:00:02 (23 turns).

qw the Sneak (Gargoyle Delver)                        Turns: 23, Time: 00:00:02

Health: 0/23       AC:  6    Str: 17    XL:     3   Next: 27%
Magic:  3/3        EV: 11    Int: 10    God:
Gold:   17         SH:  0    Dex: 11    Spells: 2/2 levels left

rFire   . . .      SeeInvis .   a - +0 hand axe
rCold   . . .      Faith    .   (no shield)
rNeg    + . .      Spirit   .   b - +0 leather armour
rPois   inf        Reflect  .   (no helmet)
rElec   +          Harm     .   (no cloak)
rCorr   .          Rampage  .   (no gloves)
Will    .....                   (no boots)
Stlth   +++.......              (no amulet)
HPRegen 0.07/turn               (no ring)
MPRegen 0.08/turn               (no ring)

@: no status effects
A: sickness immunity, AC +3, negative energy resistance 1, electricity
resistance, torment resistance 1, petrification resistance
a: no special abilities


You were on level 5 of the Dungeon.
You visited 1 branch of the dungeon, and saw 1 of its levels.

You collected 17 gold pieces.


Innate Abilities, Weirdness & Mutations

You are immune to sickness and miasma.
Your stone body is resilient. (AC +3)
You are immune to poison.
You resist negative energy. (rN+)
You are resistant to electric shocks. (rElec)
You are resistant to unholy torment.
You are immune to petrification.


   Skills:
 - Level 3.2 Fighting
 + Level 3.3 Axes
 - Level 1.5 Dodging
 - Level 5.4 Stealth


You had 2 spell levels left.
You didn't know any spells.
Your spell library was empty.

Inventory:

Hand Weapons
 a - a +0 hand axe (weapon)
Armour
 b - a +0 leather armour (worn)
Wands
 g - a wand of digging (3)
Scrolls
 c - a scroll of fog
 d - a scroll of magic mapping
 e - a scroll of fear
Potions
 f - a potion of haste

Dungeon Overview and Level Annotations

Branches:
Dungeon (5/15)
 Temple: D:4-7

Altars:


Message History

You hit the orc priest.
The orc priest is heavily wounded.
You hit the orc but do no damage. The orc hits you with a +0 dagger.
The orc priest barely misses you.
You hit the orc priest.
The orc priest is almost dead.
You hit the orc but do no damage. x2
The orc closely misses you. The orc barely misses you.
The orc priest hits you with a +0 hand axe.
The orc completely misses you. The orc hits you with a +0 hand axe.
The orc priest invokes the aid of Beogh against you.
You barely resist. You hit the orc priest.
You kill the orc priest!
You barely miss the orc. You hit the orc. The orc hits you but does no damage.
The orc hits you with a +0 hand axe.
Your Axes skill increases to level 3!
You have reached level 2!
You have reached level 3!
Your experience leads to an increase in your attributes!
Increase (S)trength, (I)ntelligence, or (D)exterity?
You feel stronger. x2
You hit the orc.
You kill the orc!
You hit the jackal. You hit the orc but do no damage.
The jackal bites you but does no damage.
The jackal barely misses you. The orc hits you with a +0 hand axe.
The jackal barely misses you.
You closely miss the jackal.
The jackal is lightly wounded.
You hit the orc. You hit the jackal.
The jackal bites you but does no damage.
The jackal completely misses you. The orc closely misses you.
The jackal closely misses you.
You barely miss the jackal.
The jackal is severely wounded.
You hit the orc. You barely miss the jackal.
The jackal bites you but does no damage.
An ufetubus comes into view.
The orc hits you with a +0 hand axe.
You die...

#.###. . .... .. #..5
.... ... ##... .........
#..#...# ##........#
.......#####... #....##
#....#.##.####.....#
#.###@.......#........
......hho...............
.......h#...............
......###..........>#
...#.............####
....................#
..##.....##.#.#......#
#....# #.###.##..## ...#
#.# #.# ###


You could see an orc, an ufetubus (wandering) and 3 jackals.

Vanquished Creatures
  An orc priest (D:5)
  2 orcs (D:5)
3 creatures vanquished.

Notes
Turn   | Place    | Note
-------+----------+-------------------------------------------
     0 | D:5      | qw the Gargoyle Delver began the quest for the Orb.
     0 | D:5      | Reached XP level 1. HP: 14/14 MP: 1/1
     0 | D:5      | 0 ||| qw: Version: 0.1-a-116-g5d60599
     0 | D:5      | 0 ||| qw: Game counter: 8226
     0 | D:5      | 0 ||| qw: Always use a shield: true
     0 | D:5      | 0 ||| qw: God list: Okawaru
     0 | D:5      | 0 ||| qw: Allow faded altars: false
     0 | D:5      | 0 ||| qw: Do Orc after D:15 true
     0 | D:5      | 0 ||| qw: Do second Lair branch before Depths: true
     0 | D:5      | 0 ||| qw: Lair rune preference: random
     0 | D:5      | 0 ||| qw: Plans: Normal
     0 | D:5      | 0 ||| PLANNING D:1-11
    11 | D:5      | Noticed an orc priest
    13 | D:5      | 13 ||| Stepping ~*~*~tactically~*~*~ (stealth).
    20 | D:5      | Killed an orc priest
    21 | D:5      | Reached skill level 3 in Axes
    21 | D:5      | Reached XP level 2. HP: 6/19 MP: 2/2
    21 | D:5      | Reached XP level 3. HP: 8/23 MP: 3/3
    23 | D:5      | Slain by an orc

Levels and vault maps discovered:
D:5:      minmay_angry_zag, layout_cave_pools, nicolae_ossuary_entry_giza,
          serial_shops, shop, nicolae_take_the_stairs, nicolae_lakefront_shop,
          nicolae_shop_stone, nicolae_shop_stone, nicolae_shop_firing_range,
          uniq_pikel, uniq_eustachio

Skill      XL: |  1 |
---------------+----+-----
Axes           | 3 |  3.3
Fighting       | |  3.2
Dodging        | |  1.5
Stealth        | |  5.4

Action                   || total
-------------------------++-------
Melee: Hand axe          ||     9
Armor: Leather armour    ||     4
Dodge: Dodged            ||    10

Table legend:
 A = Non-vault XP
 B = Vault XP
 C = Vault XP percentage of total XP
 D = Non-vault monster count
 E = Vault monster count
 F = Vault count percentage of total count
                 A         B        C        D         E       F
            +---------+---------+-------+---------+---------+-------
      Total |      47 |       0 |   0.0 |       3 |       0 |   0.0
            +---------+---------+-------+---------+---------+-------
        D:5 |      47 |       0 |   0.0 |       3 |       0 |   0.0
            +---------+---------+-------+---------+---------+-------
